 Dungeon Crawl Stone Soup version 0.29.0-4-gdea44cf6ec (webtiles) character file.

Game seed: 10489076322453611889

26258 qw the Brawler (level 12, -1/119 HPs)
             Began as a Troll Cinder Acolyte on Sept 1, 2022.
             Was an Elder of Okawaru.
             Slain by a five-headed hydra (10 damage)
             ... on level 4 of the Lair of Beasts.
             The game lasted 00:07:15 (11962 turns).

qw the Brawler (Troll Cinder Acolyte)              Turns: 11962, Time: 00:07:15

Health: -1/119     AC:  8    Str: 29    XL:     12   Next: 96%
Magic:  12/14      EV: 11    Int: 10    God:    Okawaru [****..]
Gold:   697        SH:  8    Dex: 11    Spells: 13/13 levels left

rFire   . . .      SeeInvis +     - Unarmed
rCold   . . .      Faith    .   q - +0 kite shield
rNeg    . . .      Spirit   .   g - +0 steam dragon scales
rPois   .          Reflect  .   (helmet restricted)
rElec   .          Harm     .   (no cloak)
rCorr   .          Rampage  .   (gloves unavailable)
Will    .....                   (boots unavailable)
Stlth   +++.......              d - amulet of the acrobat
HPRegen 1.09/turn               u - ring of see invisible
MPRegen 0.14/turn               i - +6 ring of dexterity

@: lethally poisoned (-1 -> -20), about to teleport, heroic
A: large, unfitting armour, claws 3, regeneration 1, shaggy fur 1, tough skin 1
a: Renounce Religion, Heroism, Finesse


You were on level 4 of the Lair of Beasts.
You worshipped Okawaru.
Okawaru was greatly pleased with you.
You visited 3 branches of the dungeon, and saw 15 of its levels.

You collected 877 gold pieces.
You spent 180 gold pieces at shops.


Innate Abilities, Weirdness & Mutations

You are too large for most types of armour.
You have claws for hands.
Your natural rate of healing is unusually fast.
You are covered in fur. (AC +1)
You have tough skin. (AC +1)


   Skills:
 - Level 8.0(13.0) Fighting
 - Level 3.0(8.0) Throwing
 - Level 2.7(7.7) Armour
 - Level 4.0(9.0) Dodging
 + Level 0.5(5.5) Shields
 - Level 18.0(23.0) Unarmed Combat
 - Level 1.0 Spellcasting
 - Level 2.1 Fire Magic
 + Level 4.7 Invocations


You had 13 spell levels left.
You didn't know any spells.
Your spell library contained the following spells:

 Spells                   Type           Power      Damage    Failure   Level
 Scorch                   Fire           8%         2d5       43%         2

Inventory:

Missiles
 l - 5 boomerangs (quivered)
Armour
 g - +0 steam dragon scales (worn)
 q - a +0 kite shield (worn)
Jewellery
 d - an amulet of the acrobat (around neck)
 i - a +6 ring of dexterity (right claw)
 n - a ring of see invisible
 o - a ring of positive energy
 u - a ring of see invisible (left claw)
Scrolls
 c - 2 scrolls of enchant weapon
 e - 11 scrolls of identify
 f - a scroll of brand weapon
 r - 2 scrolls of teleportation
Potions
 a - a potion of mutation
 b - 3 potions of might
 j - 9 potions of curing
 k - a potion of haste
 m - a potion of resistance

Dungeon Overview and Level Annotations

Branches:
Dungeon (10/15)            Temple (1/1) D:4            Lair (4/5) D:10
  Swamp (0/4) Lair:2        Snake (0/4) Lair:2          Orc (0/2) D:9
  Slime: Lair:4-5

Altars:
Ashenzari
Cheibriados
Elyvilon
Kikubaaqudgha
Makhleb
Okawaru
Qazlal
Trog
Uskayaw
Vehumet
Zin

Shops:
D:7 ?

Annotations:
D:3 1 runed translucent door, Crazy Yiuf
D:6 2 runed translucent doors, qw's ghost, amateur TeWr
D:7 1 runed translucent door, qw's ghost, novice TrCA
D:8 3 runed translucent doors, qw's ghost, novice TrCA


Message History

The black mamba is heavily wounded.
Throw: 5 boomerangs
Press: ? - help, Q - select action Shift-Dir - straight line, f/p - black mamba You throw a boomerang.
The boomerang barely misses the black mamba.
The black mamba bites you!
You are poisoned.
The black mamba poisons you!
You hear a roar!
You closely miss the black mamba.
The black mamba is heavily wounded.
You feel very sick.
You hear a howl!
A wolf comes into view.
A five-headed hydra comes into view.
The black mamba bites you!
You are more poisoned.
The black mamba poisons you!
11960 ||| INVOKING Heroism.
You gain the combat prowess of a mighty hero.
You feel extremely sick. You block the black mamba's attack.
The five-headed hydra bites you. x2
The five-headed hydra bites you!
The five-headed hydra bites you but does no damage.
The five-headed hydra bites you. The black mamba bites you.
You are more poisoned.
The black mamba poisons you!
You eviscerate the black mamba!!!
You kill the black mamba!
Okawaru accepts your kill.
You feel extremely sick.
The five-headed hydra bites you but does no damage.
The five-headed hydra closely misses you.
The five-headed hydra bites you! The five-headed hydra bites you.
The five-headed hydra bites you!
11962 ||| READING 3 scrolls of teleportation.
As you read the scroll of teleportation, it crumbles to dust.
You feel strangely unstable.
You feel extremely sick. The five-headed hydra bites you.
The five-headed hydra bites you!
You die...

.......#...#....#..###
......................
P#..#..#.....P........
####...####..........
#####.P##..............##
#P..........##..P......##
P..##....#.######.#.#.##.
#...##.# #########
.....#.#@#..
#..#..#D#%..# #.....h#
...# #...... ....# #+##..
.....# ## ..## .....# #..
... ....... #.. #.
...P... #... #....


You could see a five-headed hydra and a wolf.

Vanquished Creatures
  A boulder beetle (Lair:3)
  Erica (D:8)
  3 death yaks (D:10)
  A fire crab (Lair:3)
  Pikel (D:6)
  6 elephants (Lair:2)
  4 black mambas
  4 cane toads
  Maggie (D:9)
  2 gargoyles (D:10)
  3 komodo dragons
  A rime drake (Lair:2)
  19 blink frogs
  5 dream sheep (Lair:1)
  A shadow (D:7)
  4 wyverns
  Eustachio (D:6)
  A wraith (D:10)
  20 yaks
  15 fire elementals
  5 basilisks
  2 steam dragons
  4 nagas (Lair:2)
  7 water moccasins
  3 sky beasts
  5 orc warriors
  4 black bears
  6 ice beasts
  An ogre (D:5)
  15 wolves (Lair:3)
  A lemure (D:6)
  2 centaurs
  A phantom (D:5)
  10 bullfrogs
  A scorpion (D:4)
  A necrophage (D:2)
  5 wights (D:7)
  3 howler monkeys
  A crimson imp (D:3)
  9 orc priests
  3 hounds
  3 jellies
  13 orc wizards
  Natasha (twice) (D:2)
  5 iguanas
  A hell rat (D:10)
  5 gnolls
  8 adders
  A white imp (D:5)
  3 ufetubi
  A worm (D:2)
  2 dart slugs
  65 orcs
  9 ball pythons
  7 bats
  5 endoplasms
  3 giant cockroaches
  8 goblins
  10 hobgoblins
  12 jackals
  5 quokkas
  4 frilled lizards
  8 kobolds
  10 rats
373 creatures vanquished.

Vanquished Creatures (others)
  12 fungi
  11 plants
23 creatures vanquished.

Grand Total: 396 creatures vanquished

Notes
Turn   | Place    | Note
-------+----------+-------------------------------------------
     0 | D:1      | qw the Troll Cinder Acolyte began the quest for the Orb.
     0 | D:1      | Reached XP level 1. HP: 22/22 MP: 1/1
     0 | D:1      | 0 ||| qw: Version: 0.1-a-97-g2dd2ca4
     0 | D:1      | 0 ||| qw: Game counter: 4816
     0 | D:1      | 0 ||| qw: Always use a shield: true
     0 | D:1      | 0 ||| qw: God list: Okawaru
     0 | D:1      | 0 ||| qw: Allow faded altars: false
     0 | D:1      | 0 ||| qw: Do Orc after D:15 true
     0 | D:1      | 0 ||| qw: Do second Lair branch before Depths: true
     0 | D:1      | 0 ||| qw: Lair rune preference: random
     0 | D:1      | 0 ||| qw: Plans: Normal
     0 | D:1      | 0 ||| PLANNING D:1-11
    60 | D:1      | 60 ||| Stepping ~*~*~tactically~*~*~ (outnumbered).
   122 | D:1      | Reached XP level 2. HP: 29/29 MP: 2/2
   236 | D:1      | 236 ||| Stepping ~*~*~tactically~*~*~ (stealth).
   240 | D:1      | 240 ||| Stepping ~*~*~tactically~*~*~ (stealth).
   257 | D:1      | Reached skill level 4 in Unarmed Combat
   292 | D:1      | 292 ||| Stepping ~*~*~tactically~*~*~ (hiding).
   445 | D:1      | Reached XP level 3. HP: 36/36 MP: 3/3
   710 | D:1      | 710 ||| UPGRADING to +6 ring of dexterity.
   711 | D:1      | 711 ||| READING scroll labelled GARUOBB UPPAY.
   712 | D:1      | 712 ||| READING scroll labelled FUEKIE KOEGI.
   713 | D:1      | 713 ||| DRINKING 2 sedimented pink potions.
   814 | D:1      | 814 ||| DROPPING potion of ambrosia.
   851 | D:2      | Noticed a necrophage
   857 | D:2      | Killed a necrophage
   858 | D:2      | Reached skill level 5 in Unarmed Combat
   858 | D:2      | Reached XP level 4. HP: 34/44 MP: 4/4
   984 | D:2      | 984 ||| Stepping ~*~*~tactically~*~*~ (stealth).
   985 | D:2      | 985 ||| Stepping ~*~*~tactically~*~*~ (stealth).
   986 | D:2      | 986 ||| Stepping ~*~*~tactically~*~*~ (stealth).
   987 | D:2      | 987 ||| Stepping ~*~*~tactically~*~*~ (stealth).
   992 | D:2      | 992 ||| Stepping ~*~*~tactically~*~*~ (stealth).
   999 | D:2      | Reached skill level 1 in Dodging
  1087 | D:2      | 1087 ||| Stepping ~*~*~tactically~*~*~ (stealth).
  1088 | D:2      | 1088 ||| Stepping ~*~*~tactically~*~*~ (stealth).
  1214 | D:2      | 1214 ||| Stepping ~*~*~tactically~*~*~ (stealth).
  1244 | D:2      | Noticed Natasha
  1249 | D:2      | Killed Natasha
  1250 | D:2      | Reached XP level 5. HP: 50/50 MP: 5/5
  1360 | D:2      | 1360 ||| Stepping ~*~*~tactically~*~*~ (stealth).
  1361 | D:2      | 1361 ||| Stepping ~*~*~tactically~*~*~ (stealth).
  1465 | D:2      | Noticed Natasha
  1469 | D:2      | Killed Natasha
  1584 | D:2      | 1584 ||| READING 2 scrolls labelled FOAPHU FIDA.
  1585 | D:2      | 1585 ||| READING scroll labelled GYECIV FECKOIRPH.
  1586 | D:2      | 1586 ||| READING scroll labelled KAOZXO QOSTRI.
  1587 | D:2      | 1587 ||| READING scroll labelled ACZEUL SE IFI.
  1588 | D:2      | 1588 ||| READING scroll labelled YMOSAM XOEHAUZXEITZ.
  1591 | D:2      | 1591 ||| DRINKING 2 fuming sapphire potions.
  1592 | D:2      | 1592 ||| DRINKING 3 yellow potions.
  1593 | D:2      | 1593 ||| DROPPING scroll of amnesia.
  1642 | D:3      | 1642 ||| Stepping ~*~*~tactically~*~*~ (stealth).
  1645 | D:3      | Reached skill level 6 in Unarmed Combat
  1694 | D:3      | Noticed an ice beast
  1700 | D:3      | Killed an ice beast
  1701 | D:3      | Reached XP level 6. HP: 59/59 MP: 6/6
  1891 | D:3      | 1891 ||| INVOKING Fiery Armour.
  1897 | D:3      | 1897 ||| FLEEEEING.
  1898 | D:3      | 1898 ||| FLEEEEING.
  1899 | D:3      | 1899 ||| FLEEEEING.
  1900 | D:3      | 1900 ||| FLEEEEING.
  1901 | D:3      | 1901 ||| FLEEEEING.
  1902 | D:3      | 1902 ||| FLEEEEING.
  1903 | D:3      | 1903 ||| FLEEEEING.
  1904 | D:3      | 1904 ||| FLEEEEING.
  1905 | D:3      | 1905 ||| FLEEEEING.
  1906 | D:3      | 1906 ||| FLEEEEING.
  1907 | D:3      | 1907 ||| FLEEEEING.
  1908 | D:3      | 1908 ||| FLEEEEING.
  1909 | D:3      | 1909 ||| FLEEEEING.
  1910 | D:3      | 1910 ||| FLEEEEING.
  1911 | D:3      | 1911 ||| FLEEEEING.
  1912 | D:3      | 1912 ||| FLEEEEING.
  1913 | D:3      | 1913 ||| FLEEEEING.
  1914 | D:3      | 1914 ||| FLEEEEING.
  1915 | D:3      | 1915 ||| FLEEEEING.
  1916 | D:3      | 1916 ||| FLEEEEING.
  1917 | D:3      | 1917 ||| FLEEEEING.
  1919 | D:3      | 1919 ||| FLEEEEING.
  1980 | D:3      | 1980 ||| Stepping ~*~*~tactically~*~*~ (outnumbered).
  1981 | D:3      | 1981 ||| Stepping ~*~*~tactically~*~*~ (outnumbered).
  1990 | D:3      | Found a faded altar of an unknown god.
  2050 | D:3      | Reached skill level 7 in Unarmed Combat
  2075 | D:3      | Found a runed translucent door.
  2076 | D:3      | Noticed Crazy Yiuf
  2117 | D:3      | Found a radiant altar of Vehumet.
  2129 | D:3      | Found a burning altar of Makhleb.
  2184 | D:3      | 2184 ||| Stepping ~*~*~tactically~*~*~ (hiding).
  2664 | D:3      | 2664 ||| READING scroll labelled KEBRAETHRIA.
  2665 | D:3      | 2665 ||| DRINKING 2 green potions.
  2666 | D:3      | 2666 ||| DROPPING potion of attraction.
  2854 | D:4      | 2854 ||| INVOKING Fiery Armour.
  2857 | D:4      | Reached skill level 8 in Unarmed Combat
  2857 | D:4      | Reached XP level 7. HP: 33/66 MP: 7/7
  2874 | D:4      | 2874 ||| Stepping ~*~*~tactically~*~*~ (stealth).
  2879 | D:4      | 2879 ||| Stepping ~*~*~tactically~*~*~ (stealth).
  2880 | D:4      | 2880 ||| FLEEEEING.
  2881 | D:4      | 2881 ||| Stepping ~*~*~tactically~*~*~ (stealth).
  2882 | D:4      | 2882 ||| Stepping ~*~*~tactically~*~*~ (stealth).
  2887 | D:4      | 2887 ||| Stepping ~*~*~tactically~*~*~ (stealth).
  2916 | D:4      | Found a staircase to the Ecumenical Temple.
  3192 | D:4      | Reached skill level 3 in Fighting
  3299 | D:4      | 3299 ||| Stepping ~*~*~tactically~*~*~ (stealth).
  3404 | D:4      | 3404 ||| Stepping ~*~*~tactically~*~*~ (stealth).
  3427 | D:4      | Reached skill level 9 in Unarmed Combat
  3619 | D:4      | 3619 ||| DROPPING orb of guile.
  3620 | D:4      | 3620 ||| UPGRADING to amulet of guardian spirit.
  3625 | D:4      | 3625 ||| READING scroll labelled KOZ PAEGYL.
  3626 | D:4      | 3626 ||| READING scroll labelled ATOEQO FOOFAO.
  3627 | D:4      | 3627 ||| READING scroll labelled SIG XOXENEANIO.
  3628 | D:4      | 3628 ||| DRINKING 2 golden potions.
  3629 | D:4      | 3629 ||| DRINKING 2 blue potions.
  3630 | D:4      | 3630 ||| READING 2 scrolls of identify.
  3630 | D:4      | 3630 ||| IDENTIFYING viscous yellow potion
  3631 | D:4      | 3631 ||| DROPPING potion of magic.
  3632 | D:4      | 3632 ||| DROPPING potion of brilliance.
  3640 | D:5      | Entered Level 5 of the Dungeon
  3657 | D:5      | Reached XP level 8. HP: 58/75 MP: 6/8
  3910 | D:5      | Reached skill level 10 in Unarmed Combat
  3938 | D:5      | 3938 ||| Stepping ~*~*~tactically~*~*~ (stealth).
  4071 | D:5      | Found a glowing silver altar of Zin.
  4227 | D:5      | 4227 ||| READING scroll labelled QYMUPRUAXI.
  4228 | D:5      | 4228 ||| READING scroll labelled ZUOBUKH BINIU.
  4229 | D:5      | 4229 ||| DRINKING 2 red potions.
  4230 | D:5      | 4230 ||| READING 2 scrolls of identify.
  4230 | D:5      | 4230 ||| IDENTIFYING brown potion
  4231 | D:5      | 4231 ||| DROPPING potion of flight.
  4351 | D:6      | Noticed Eustachio
  4360 | D:6      | 4360 ||| Stepping ~*~*~tactically~*~*~ (outnumbered).
  4361 | D:6      | 4361 ||| Stepping ~*~*~tactically~*~*~ (outnumbered).
  4362 | D:6      | 4362 ||| Stepping ~*~*~tactically~*~*~ (outnumbered).
  4373 | D:6      | 4373 ||| Stepping ~*~*~tactically~*~*~ (outnumbered).
  4374 | D:6      | 4374 ||| Stepping ~*~*~tactically~*~*~ (outnumbered).
  4387 | D:6      | Killed Eustachio
  4479 | D:6      | 4479 ||| Stepping ~*~*~tactically~*~*~ (outnumbered).
  4480 | D:6      | 4480 ||| Stepping ~*~*~tactically~*~*~ (outnumbered).
  4481 | D:6      | 4481 ||| Stepping ~*~*~tactically~*~*~ (outnumbered).
  4482 | D:6      | 4482 ||| Stepping ~*~*~tactically~*~*~ (outnumbered).
  4483 | D:6      | 4483 ||| Stepping ~*~*~tactically~*~*~ (outnumbered).
  4495 | D:6      | 4495 ||| INVOKING Fiery Armour.
  4564 | D:6      | Found a runed translucent door.
  4568 | D:6      | Noticed qw's ghost (amateur TeWr)
  4643 | D:6      | 4643 ||| Stepping ~*~*~tactically~*~*~ (stealth).
  4644 | D:6      | 4644 ||| Stepping ~*~*~tactically~*~*~ (stealth).
  4645 | D:6      | 4645 ||| Stepping ~*~*~tactically~*~*~ (stealth).
  4647 | D:6      | Noticed Pikel
  4647 | D:6      | 4647 ||| Stepping ~*~*~tactically~*~*~ (stealth).
  4650 | D:6      | 4650 ||| Stepping ~*~*~tactically~*~*~ (stealth).
  4653 | D:6      | 4653 ||| Stepping ~*~*~tactically~*~*~ (stealth).
  4655 | D:6      | 4655 ||| Stepping ~*~*~tactically~*~*~ (stealth).
  4660 | D:6      | 4660 ||| Stepping ~*~*~tactically~*~*~ (stealth).
  4665 | D:6      | 4665 ||| INVOKING Fiery Armour.
  4666 | D:6      | 4666 ||| Stepping ~*~*~tactically~*~*~ (outnumbered).
  4667 | D:6      | 4667 ||| Stepping ~*~*~tactically~*~*~ (outnumbered).
  4669 | D:6      | Killed Pikel
  4670 | D:6      | Reached skill level 11 in Unarmed Combat
  4670 | D:6      | Reached XP level 9. HP: 51/84 MP: 6/9
  4733 | D:6      | Found a runed translucent door.
  4919 | D:6      | 4919 ||| Stepping ~*~*~tactically~*~*~ (stealth).
  4920 | D:6      | 4920 ||| Stepping ~*~*~tactically~*~*~ (stealth).
  4921 | D:6      | 4921 ||| Stepping ~*~*~tactically~*~*~ (stealth).
  4922 | D:6      | 4922 ||| Stepping ~*~*~tactically~*~*~ (stealth).
  4959 | D:6      | 4959 ||| Stepping randomly (stuck).
  4976 | D:7      | 4976 ||| STAIRDANCE
  5033 | D:7      | 5033 ||| INVOKING Fiery Armour.
  5035 | D:7      | 5035 ||| Stepping ~*~*~tactically~*~*~ (outnumbered).
  5038 | D:7      | 5038 ||| Stepping ~*~*~tactically~*~*~ (outnumbered).
  5046 | D:7      | Reached skill level 12 in Unarmed Combat
  5047 | D:7      | 5047 ||| Stepping ~*~*~tactically~*~*~ (outnumbered).
  5051 | D:7      | 5051 ||| Stepping ~*~*~tactically~*~*~ (outnumbered).
  5147 | D:7      | Noticed qw's ghost (novice TrCA)
  5150 | D:7      | Found a runed translucent door.
  5200 | D:7      | 5200 ||| Stepping ~*~*~tactically~*~*~ (stealth).
  5209 | D:7      | 5209 ||| Stepping ~*~*~tactically~*~*~ (outnumbered).
  5210 | D:7      | 5210 ||| Stepping ~*~*~tactically~*~*~ (outnumbered).
  5211 | D:7      | 5211 ||| Stepping ~*~*~tactically~*~*~ (outnumbered).
  5212 | D:7      | 5212 ||| Stepping ~*~*~tactically~*~*~ (outnumbered).
  5220 | D:7      | 5220 ||| INVOKING Fiery Armour.
  5227 | D:7      | Reached skill level 13 in Unarmed Combat
  5328 | D:7      | Found Ruhyez's Magic Scroll Shoppe.
  5343 | D:7      | Reached XP level 10. HP: 75/96 MP: 7/10
  5349 | D:7      | 5349 ||| FLEEEEING.
  5390 | D:7      | Reached skill level 3 in Dodging
  5512 | D:7      | 5512 ||| BUYING scroll of identify (30 gold).
  5512 | D:7      | Bought a scroll of identify for 30 gold pieces
  5512 | D:7      | 5512 ||| BUYING scroll of identify (30 gold).
  5512 | D:7      | Bought a scroll of identify for 30 gold pieces
  5512 | D:7      | 5512 ||| BUYING scroll of identify (30 gold).
  5512 | D:7      | Bought a scroll of identify for 30 gold pieces
  5512 | D:7      | 5512 ||| BUYING scroll of teleportation (45 gold).
  5512 | D:7      | Bought a scroll of teleportation for 45 gold pieces
  5512 | D:7      | 5512 ||| BUYING scroll of teleportation (45 gold).
  5512 | D:7      | Bought a scroll of teleportation for 45 gold pieces
  5599 | D:7      | 5599 ||| Stepping ~*~*~tactically~*~*~ (stealth).
  5672 | D:7      | 5672 ||| Stepping ~*~*~tactically~*~*~ (outnumbered).
  5673 | D:7      | 5673 ||| Stepping ~*~*~tactically~*~*~ (outnumbered).
  5674 | D:7      | 5674 ||| Stepping ~*~*~tactically~*~*~ (outnumbered).
  5821 | D:7      | 5821 ||| UPGRADING to +0 steam dragon scales.
  5831 | D:7      | 5831 ||| DROPPING +0 robe.
  5832 | D:7      | 5832 ||| UPGRADING to ring of positive energy.
  5833 | D:7      | 5833 ||| UPGRADING to ring of see invisible.
  5835 | D:7      | 5835 ||| UPGRADING to +6 ring of dexterity.
  5837 | D:7      | 5837 ||| READING scroll labelled QEOPNE SODAC.
  5879 | D:7      | 5879 ||| READING scroll labelled ORPHUGUJANI.
  5980 | D:7      | 5980 ||| READING 5 scrolls of identify.
  5980 | D:7      | 5980 ||| IDENTIFYING smoky ruby potion
  5981 | D:7      | 5981 ||| READING 4 scrolls of identify.
  5981 | D:7      | 5981 ||| IDENTIFYING fuming puce potion
  5982 | D:7      | 5982 ||| READING 3 scrolls of identify.
  5982 | D:7      | 5982 ||| IDENTIFYING fizzy orange potion
  5983 | D:7      | 5983 ||| READING 2 scrolls of identify.
  5983 | D:7      | 5983 ||| IDENTIFYING pink potion
  5984 | D:7      | 5984 ||| DROPPING potion of lignification.
  5985 | D:7      | 5985 ||| DROPPING potion of berserk rage.
  5986 | D:7      | 5986 ||| DROPPING potion of degeneration.
  6108 | D:8      | Reached skill level 1 in Armour
  6178 | D:8      | Noticed Erica
  6179 | D:8      | 6179 ||| INVOKING Fiery Armour.
  6193 | D:8      | Killed Erica
  6194 | D:8      | Reached skill level 14 in Unarmed Combat
  6342 | D:8      | Found a runed translucent gate.
  6342 | D:8      | Noticed an 11-headed hydra
  6343 | D:8      | Found a runed translucent gate.
  6343 | D:8      | Noticed an 11-headed hydra
  6343 | D:8      | Noticed qw's ghost (novice TrCA)
  6348 | D:8      | Found a runed translucent gate.
  6405 | D:8      | Identified the +7 plate armour of Heythragg {rPois SInv}
  6410 | D:8      | 6410 ||| INVOKING Fiery Armour.
  6415 | D:8      | 6415 ||| Stepping ~*~*~tactically~*~*~ (outnumbered).
  6627 | D:8      | 6627 ||| Stepping ~*~*~tactically~*~*~ (stealth).
  6629 | D:8      | 6629 ||| Stepping ~*~*~tactically~*~*~ (stealth).
  6655 | D:8      | Found an ancient bone altar of Kikubaaqudgha.
  6661 | D:8      | Found a hide-covered altar of Uskayaw.
  6670 | D:8      | Found a snail-covered altar of Cheibriados.
  6821 | D:8      | 6821 ||| READING 3 scrolls of identify.
  6821 | D:8      | 6821 ||| IDENTIFYING black potion
  6866 | D:9      | 6866 ||| Stepping ~*~*~tactically~*~*~ (stealth).
  6874 | D:9      | Reached skill level 1 in Throwing
  6886 | D:9      | 6886 ||| Stepping ~*~*~tactically~*~*~ (stealth).
  6889 | D:9      | 6889 ||| Stepping ~*~*~tactically~*~*~ (stealth).
  6895 | D:9      | 6895 ||| INVOKING Fiery Armour.
  6896 | D:9      | 6896 ||| Stepping ~*~*~tactically~*~*~ (outnumbered).
  6906 | D:9      | 6906 ||| Stepping ~*~*~tactically~*~*~ (outnumbered).
  6917 | D:9      | 6917 ||| Stepping ~*~*~tactically~*~*~ (stealth).
  6932 | D:9      | 6932 ||| Stepping ~*~*~tactically~*~*~ (stealth).
  6936 | D:9      | 6936 ||| Stepping ~*~*~tactically~*~*~ (hiding).
  6944 | D:9      | 6944 ||| Stepping ~*~*~tactically~*~*~ (stealth).
  6951 | D:9      | 6951 ||| Stepping ~*~*~tactically~*~*~ (hiding).
  6952 | D:9      | 6952 ||| Stepping ~*~*~tactically~*~*~ (hiding).
  6954 | D:9      | 6954 ||| Stepping ~*~*~tactically~*~*~ (hiding).
  6967 | D:9      | 6967 ||| Stepping ~*~*~tactically~*~*~ (stealth).
  6973 | D:9      | 6973 ||| Stepping ~*~*~tactically~*~*~ (hiding).
  6975 | D:9      | 6975 ||| Stepping ~*~*~tactically~*~*~ (hiding).
  6989 | D:9      | 6989 ||| Stepping ~*~*~tactically~*~*~ (stealth).
  6991 | D:9      | 6991 ||| Stepping ~*~*~tactically~*~*~ (stealth).
  6993 | D:9      | 6993 ||| Stepping ~*~*~tactically~*~*~ (hiding).
  7014 | D:9      | Noticed Maggie
  7015 | D:9      | 7015 ||| Stepping ~*~*~tactically~*~*~ (stealth).
  7021 | D:9      | 7021 ||| Stepping ~*~*~tactically~*~*~ (hiding).
  7022 | D:9      | 7022 ||| Stepping ~*~*~tactically~*~*~ (outnumbered).
  7025 | D:9      | Reached skill level 6 in Fighting
  7040 | D:9      | 7040 ||| INVOKING Fiery Armour.
  7041 | D:9      | Killed Maggie
  7235 | D:9      | 7235 ||| Stepping ~*~*~tactically~*~*~ (stealth).
  7236 | D:9      | 7236 ||| Stepping ~*~*~tactically~*~*~ (stealth).
  7285 | D:9      | 7285 ||| Stepping ~*~*~tactically~*~*~ (stealth).
  7291 | D:9      | Found a staircase to the Orcish Mines.
  7474 | D:10     | Entered Level 10 of the Dungeon
  7511 | D:10     | 7511 ||| Stepping ~*~*~tactically~*~*~ (stealth).
  7512 | D:10     | 7512 ||| Stepping ~*~*~tactically~*~*~ (stealth).
  7517 | D:10     | 7517 ||| Stepping ~*~*~tactically~*~*~ (hiding).
  7525 | D:10     | 7525 ||| Stepping ~*~*~tactically~*~*~ (stealth).
  7530 | D:10     | 7530 ||| Stepping ~*~*~tactically~*~*~ (stealth).
  7842 | D:10     | 7842 ||| Stepping ~*~*~tactically~*~*~ (stealth).
  7845 | D:10     | Noticed a death yak
  7845 | D:10     | Noticed a gargoyle
  7846 | D:10     | 7846 ||| Stepping ~*~*~tactically~*~*~ (hiding).
  7847 | D:10     | 7847 ||| Stepping ~*~*~tactically~*~*~ (hiding).
  7848 | D:10     | 7848 ||| INVOKING Fiery Armour.
  7850 | D:10     | 7850 ||| Stepping ~*~*~tactically~*~*~ (hiding).
  7855 | D:10     | Killed a gargoyle
  7858 | D:10     | Killed a death yak
  7859 | D:10     | Reached skill level 15 in Unarmed Combat
  7859 | D:10     | Reached XP level 11. HP: 68/105 MP: 6/11
  7901 | D:10     | Found a staircase to the Lair.
  7901 | D:10     | Noticed a death yak
  7903 | D:10     | Noticed a death yak
  7910 | D:10     | 7910 ||| Stepping ~*~*~tactically~*~*~ (outnumbered).
  7910 | D:10     | Killed a death yak
  7911 | D:10     | Reached skill level 3 in Throwing
  7917 | D:10     | Killed a death yak
  8004 | D:10     | 8004 ||| Stepping ~*~*~tactically~*~*~ (hiding).
  8458 | D:10     | 8458 ||| PLANNING LAIR
  8489 | Lair:1   | Entered Level 1 of the Lair of Beasts
  8573 | Lair:1   | 8573 ||| Stepping ~*~*~tactically~*~*~ (outnumbered).
  8574 | Lair:1   | 8574 ||| Stepping ~*~*~tactically~*~*~ (outnumbered).
  8575 | Lair:1   | 8575 ||| Stepping ~*~*~tactically~*~*~ (outnumbered).
  8670 | Lair:1   | 8670 ||| Stepping ~*~*~tactically~*~*~ (outnumbered).
  8671 | Lair:1   | 8671 ||| Stepping ~*~*~tactically~*~*~ (outnumbered).
  8672 | Lair:1   | 8672 ||| Stepping ~*~*~tactically~*~*~ (outnumbered).
  8673 | Lair:1   | 8673 ||| Stepping ~*~*~tactically~*~*~ (outnumbered).
  8674 | Lair:1   | 8674 ||| Stepping ~*~*~tactically~*~*~ (outnumbered).
  8679 | Lair:1   | 8679 ||| Stepping ~*~*~tactically~*~*~ (outnumbered).
  8680 | Lair:1   | 8680 ||| Stepping ~*~*~tactically~*~*~ (outnumbered).
  8683 | Lair:1   | 8683 ||| Stepping ~*~*~tactically~*~*~ (outnumbered).
  8684 | Lair:1   | 8684 ||| Stepping ~*~*~tactically~*~*~ (outnumbered).
  8685 | Lair:1   | 8685 ||| Stepping ~*~*~tactically~*~*~ (outnumbered).
  8690 | Lair:1   | Reached skill level 16 in Unarmed Combat
  8766 | Lair:1   | 8766 ||| Stepping ~*~*~tactically~*~*~ (hiding).
  8767 | Lair:1   | 8767 ||| Stepping ~*~*~tactically~*~*~ (hiding).
  8794 | Lair:1   | 8794 ||| Stepping ~*~*~tactically~*~*~ (stealth).
  8807 | Lair:1   | 8807 ||| Stepping ~*~*~tactically~*~*~ (outnumbered).
  8814 | Lair:1   | 8814 ||| INVOKING Fiery Armour.
  8939 | Lair:1   | 8939 ||| Stepping ~*~*~tactically~*~*~ (stealth).
  8991 | Lair:1   | 8991 ||| PLANNING TEMPLE
  9156 | Temple   | Entered the Ecumenical Temple
  9157 | Temple   | 9157 ||| PLANNING CONVERSION TO OKAWARU
  9162 | Temple   | Fell from the grace of Ignis
  9162 | Temple   | Became a worshipper of Warmaster Okawaru
  9163 | Temple   | 9163 ||| PLANNING LAIR
  9163 | Temple   | 9163 ||| REMOVING amulet of guardian spirit.
  9168 | Temple   | 9168 ||| UPGRADING to amulet of the acrobat.
  9173 | Temple   | 9173 ||| DROPPING amulet of guardian spirit.
  9578 | Lair:2   | 9578 ||| STAIRDANCE
  9599 | Lair:2   | 9599 ||| STAIRDANCE
  9681 | Lair:2   | 9681 ||| STAIRDANCE
  9704 | Lair:2   | Reached * piety under Okawaru
  9835 | Lair:2   | Found a staircase to the Swamp.
  9856 | Lair:2   | 9856 ||| INVOKING Heroism.
  9862 | Lair:2   | Reached skill level 1 in Invocations
  9862 | Lair:2   | Reached XP level 12. HP: 101/118 MP: 9/12
  9923 | Lair:2   | 9923 ||| Stepping ~*~*~tactically~*~*~ (hiding).
 10025 | Lair:2   | 10025 ||| Stepping ~*~*~tactically~*~*~ (hiding).
 10049 | Lair:2   | 10049 ||| Stepping ~*~*~tactically~*~*~ (stealth).
 10051 | Lair:2   | 10051 ||| INVOKING Heroism.
 10075 | Lair:2   | 10075 ||| FLEEEEING.
 10082 | Lair:2   | 10082 ||| Stepping ~*~*~tactically~*~*~ (outnumbered).
 10084 | Lair:2   | 10084 ||| Stepping ~*~*~tactically~*~*~ (outnumbered).
 10085 | Lair:2   | Reached ** piety under Okawaru
 10086 | Lair:2   | Reached skill level 17 in Unarmed Combat
 10093 | Lair:2   | Reached skill level 3 in Invocations
 10098 | Lair:2   | 10098 ||| FLEEEEING.
 10099 | Lair:2   | 10099 ||| FLEEEEING.
 10100 | Lair:2   | 10100 ||| FLEEEEING.
 10101 | Lair:2   | 10101 ||| FLEEEEING.
 10102 | Lair:2   | 10102 ||| FLEEEEING.
 10103 | Lair:2   | 10103 ||| FLEEEEING.
 10104 | Lair:2   | 10104 ||| FLEEEEING.
 10106 | Lair:2   | 10106 ||| FLEEEEING.
 10107 | Lair:2   | 10107 ||| FLEEEEING.
 10152 | Lair:2   | Found a staircase to the Snake Pit.
 10164 | Lair:2   | 10164 ||| Stepping ~*~*~tactically~*~*~ (stealth).
 10354 | Lair:2   | You fall into a shaft and drop 1 floor!
 10379 | Lair:3   | 10379 ||| Stepping ~*~*~tactically~*~*~ (stealth).
 10386 | Lair:3   | 10386 ||| Stepping ~*~*~tactically~*~*~ (outnumbered).
 10399 | Lair:3   | 10399 ||| Stepping ~*~*~tactically~*~*~ (stealth).
 10427 | Lair:3   | 10427 ||| Stepping ~*~*~tactically~*~*~ (stealth).
 10427 | Lair:3   | Noticed a boulder beetle
 10428 | Lair:3   | 10428 ||| INVOKING Heroism.
 10438 | Lair:3   | Killed a boulder beetle
 10438 | Lair:3   | Reached *** piety under Okawaru
 10666 | Lair:3   | 10666 ||| Stepping ~*~*~tactically~*~*~ (stealth).
 10668 | Lair:3   | 10668 ||| INVOKING Heroism.
 10671 | Lair:3   | 10671 ||| Stepping ~*~*~tactically~*~*~ (stealth).
 10686 | Lair:3   | 10686 ||| INVOKING Heroism.
 10689 | Lair:3   | 10689 ||| Stepping ~*~*~tactically~*~*~ (stealth).
 10707 | Lair:3   | 10707 ||| INVOKING Heroism.
 10758 | Lair:3   | 10758 ||| DRINKING 9 potions of curing.
 10758 | Lair:3   | 10758 ||| (to cure confusion)
 10759 | Lair:3   | 10759 ||| Stepping ~*~*~tactically~*~*~ (outnumbered).
 10760 | Lair:3   | 10760 ||| Stepping ~*~*~tactically~*~*~ (outnumbered).
 10766 | Lair:3   | 10766 ||| INVOKING Heroism.
 10808 | Lair:3   | 10808 ||| Stepping ~*~*~tactically~*~*~ (stealth).
 10810 | Lair:3   | 10810 ||| Stepping ~*~*~tactically~*~*~ (stealth).
 10811 | Lair:3   | 10811 ||| INVOKING Heroism.
 10823 | Lair:3   | 10823 ||| Stepping ~*~*~tactically~*~*~ (stealth).
 10826 | Lair:3   | 10826 ||| Stepping ~*~*~tactically~*~*~ (stealth).
 10829 | Lair:3   | 10829 ||| Stepping ~*~*~tactically~*~*~ (stealth).
 10830 | Lair:3   | 10830 ||| Stepping ~*~*~tactically~*~*~ (stealth).
 10832 | Lair:3   | 10832 ||| Stepping ~*~*~tactically~*~*~ (stealth).
 10833 | Lair:3   | 10833 ||| Stepping ~*~*~tactically~*~*~ (stealth).
 10835 | Lair:3   | 10835 ||| INVOKING Heroism.
 10840 | Lair:3   | 10840 ||| Stepping ~*~*~tactically~*~*~ (outnumbered).
 10927 | Lair:3   | 10927 ||| INVOKING Heroism.
 10934 | Lair:3   | Reached skill level 18 in Unarmed Combat
 11003 | Lair:3   | 11003 ||| Stepping ~*~*~tactically~*~*~ (stealth).
 11004 | Lair:3   | 11004 ||| Stepping ~*~*~tactically~*~*~ (stealth).
 11035 | Lair:3   | 11035 ||| Stepping ~*~*~tactically~*~*~ (stealth).
 11082 | Lair:3   | 11082 ||| Stepping ~*~*~tactically~*~*~ (outnumbered).
 11084 | Lair:3   | 11084 ||| Stepping ~*~*~tactically~*~*~ (outnumbered).
 11085 | Lair:3   | 11085 ||| Stepping ~*~*~tactically~*~*~ (outnumbered).
 11089 | Lair:3   | 11089 ||| INVOKING Heroism.
 11184 | Lair:3   | 11184 ||| Stepping ~*~*~tactically~*~*~ (outnumbered).
 11194 | Lair:3   | 11194 ||| INVOKING Heroism.
 11359 | Lair:3   | Reached **** piety under Okawaru
 11385 | Lair:3   | 11385 ||| Stepping ~*~*~tactically~*~*~ (stealth).
 11387 | Lair:3   | 11387 ||| Stepping ~*~*~tactically~*~*~ (stealth).
 11388 | Lair:3   | 11388 ||| INVOKING Heroism.
 11390 | Lair:3   | 11390 ||| Stepping ~*~*~tactically~*~*~ (stealth).
 11394 | Lair:3   | 11394 ||| Stepping ~*~*~tactically~*~*~ (stealth).
 11396 | Lair:3   | 11396 ||| Stepping ~*~*~tactically~*~*~ (stealth).
 11410 | Lair:3   | 11410 ||| INVOKING Heroism.
 11475 | Lair:3   | 11475 ||| INVOKING Heroism.
 11693 | Lair:3   | Was forgiven by Ignis
 11699 | Lair:3   | 11699 ||| INVOKING Heroism.
 11704 | Lair:3   | HP: 24/119 [fire elemental[the fiery vengeance of Ignis]
                  | (9)]
 11705 | Lair:3   | 11705 ||| READING 5 scrolls of teleportation.
 11705 | Lair:3   | HP: 11/119 [fire elemental[the fiery vengeance of Ignis]
                  | (9)]
 11706 | Lair:3   | 11706 ||| DRINKING 2 potions of heal wounds.
 11707 | Lair:3   | 11707 ||| DRINKING potion of heal wounds.
 11842 | Lair:3   | 11842 ||| UPGRADING to +0 kite shield.
 11847 | Lair:3   | 11847 ||| READING scroll labelled GULIBLONOW.
 11848 | Lair:3   | 11848 ||| READING 4 scrolls of teleportation.
 11959 | Lair:4   | Noticed a five-headed hydra
 11960 | Lair:4   | 11960 ||| INVOKING Heroism.
 11961 | Lair:4   | HP: 26/119 [five-headed hydra (6)]
 11962 | Lair:4   | 11962 ||| READING 3 scrolls of teleportation.
 11962 | Lair:4   | HP: 10/119 [poisoned by a black mamba]
 11962 | Lair:4   | Slain by a five-headed hydra

Levels and vault maps discovered:
D:1:      lordsloth_arrival_two_stooges, layout_basic
D:2:      layout_basic, cheibrodos_gnoll_hut, uniq_natasha
D:3:      layout_basic, grunt_temple_overflow_lords_of_destruction,
          chequers_ecumenical_altar_island, uniq_crazy_yiuf_cottage
D:4:      black_bear_nest_2, layout_loops_ring, minmay_temple_entry_junction,
          minmay_quadrilaterals
D:5:      layout_basic, zin_statuary
D:6:      layout_cave_pools, ebering_ghost_sewer_f, uniq_pikel, uniq_eustachio
D:7:      layout_cave_pools, serial_shops,
          nicolae_shop_competitors_out_of_business,
          hellmonk_ghost_happy_afterlife, kennysheep_donut,
          minmay_misc_feat_secret_circle
D:8:      layout_basic, minmay_overflow_temple_star_quad,
          gammafunk_ghost_hydra_chop, uniq_erica
D:9:      layout_basic, hiddenorc2_lemuel, uniq_maggie
D:10:     layout_long_grid, dpeg_lair_monsters
Temple:   eino_temple_rhombus
Lair:1:   layout_misc_corridors
Lair:2:   layout_roguey, swamp_mist, minmay_snake_entry_guardpost_medium
Lair:3:   layout_regular_city
Lair:4:   layout_misc_corridors, slime_entry_2, grunt_megastairs_2, uniq_snorg

Skill      XL: |  1  2  3  4  5  6  7  8  9 10 11 12 |
---------------+-------------------------------------+-----
Unarmed Combat | 4 5 6 8 9 11 13 15 16 18 | 18.0
Dodging        | 1 2 3 4 |  4.0
Fighting       | 3 4 5 6 7 8 |  8.0
Armour         | 1 2 |  2.7
Throwing       | 1 3 |  3.0
Invocations    | 1 4 |  4.7
Shields        | |  0.5
Spellcasting   | |  1.0
Fire Magic     | |  2.1

Action                   |  1- 3 |  4- 6 |  7- 9 | 10-12 || total
-------------------------+-------+-------+-------+-------++-------
Melee: Unarmed           |    82 |   156 |   187 |   530 ||   955
       Punch             |       |     3 |    11 |    44 ||    58
Throw: Boomerang         |       |       |       |   111 ||   111
Invok: Fiery Armour      |       |     2 |     4 |     6 ||    12
       Heroism           |       |       |       |    17 ||    17
  Use: Scroll            |     2 |     6 |     7 |    11 ||    26
       Potion            |     1 |     3 |     3 |     3 ||    10
 Stab: Sleeping          |       |       |     1 |     1 ||     2
Armor: Robe              |    40 |    59 |    49 |     6 ||   154
       Steam dragon scal |       |       |       |   117 ||   117
Dodge: Dodged            |    30 |    58 |    90 |   183 ||   361
Block: Kite shield       |       |       |       |     1 ||     1

Table legend:
 A = Non-vault XP
 B = Vault XP
 C = Vault XP percentage of total XP
 D = Non-vault monster count
 E = Vault monster count
 F = Vault count percentage of total count
                 A         B        C        D         E       F
            +---------+---------+-------+---------+---------+-------
      Total |   31631 |    5881 |  15.7 |     299 |      58 |  16.2
            +---------+---------+-------+---------+---------+-------
        D:1 |      50 |       0 |   0.0 |      27 |       0 |   0.0
        D:2 |     162 |      54 |  25.0 |      23 |       4 |  14.8
        D:3 |     238 |      46 |  16.2 |      31 |       1 |   3.1
        D:4 |     483 |     294 |  37.8 |      16 |       7 |  30.4
        D:5 |     591 |       0 |   0.0 |      16 |       0 |   0.0
        D:6 |     699 |     840 |  54.6 |      16 |       2 |  11.1
        D:7 |    3314 |       0 |   0.0 |      35 |       0 |   0.0
        D:8 |     611 |     834 |  57.7 |      16 |       1 |   5.9
        D:9 |     860 |     722 |  45.6 |      15 |      33 |  68.8
       D:10 |    1543 |    2446 |  61.3 |      12 |       6 |  33.3
     Lair:1 |    7357 |       0 |   0.0 |      31 |       0 |   0.0
     Lair:2 |    4385 |     645 |  12.8 |      12 |       4 |  25.0
     Lair:3 |   10894 |       0 |   0.0 |      48 |       0 |   0.0
     Lair:4 |     444 |       0 |   0.0 |       1 |       0 |   0.0
            +---------+---------+-------+---------+---------+-------
